 Dungeon Crawl Stone Soup version 0.30-a0-576-g89cddaab80 (webtiles) character file.

Game seed: 3888173573905048365

110 rsvaco the Shooter (level 5, -6/31 HPs)
             Began as a Kobold Hunter on Dec 30, 2022.
             Mangled by a gnoll
             ... wielding a +0 flail
              (10 damage)
             ... on level 3 of the Dungeon.
             The game lasted 00:05:52 (1697 turns).

rsvaco the Shooter (Kobold Hunter)                  Turns: 1697, Time: 00:05:53

Health: -6/31      AC:  6    Str:  9    XL:     5   Next: 14%
Magic:  5/5        EV: 15    Int: 10    God:
Gold:   88         SH:  0    Dex: 20    Spells: 4/4 levels left

rFire   . . .      SeeInvis .    a - +0 shortbow
rCold   . . .      Faith    .    (shield currently unavailable)
rNeg    . . .      Spirit   .    e - +0 leather armour
rPois   .          Reflect  .    (no helmet)
rElec   .          Harm     .    (no cloak)
rCorr   .          Rampage  .    q - +1 pair of gloves {hurl}
Will    .....                    d - +0 pair of boots
Stlth   +++                      (no amulet)
HPRegen 0.25/turn                (no ring)
MPRegen 0.09/turn                (no ring)

@: no status effects
A: small, no large weapons, nightstalker 3
a: no special abilities


You were on level 3 of the Dungeon.
You visited 1 branch of the dungeon, and saw 3 of its levels.

You collected 88 gold pieces.

Inventory:

Hand Weapons
 a - a +0 shortbow (weapon)
Missiles
 g - 2 throwing nets
Armour
 c - a +0 leather armour
 d - a +0 pair of boots (worn)
 e - a +0 leather armour (worn)
 h - a +0 plate armour
 j - a +0 ring mail
 q - a +1 pair of gloves of hurling (worn)
Magical Staves
 s - a staff of earth
Scrolls
 b - 2 scrolls of immolation
 f - 2 scrolls of teleportation
 i - a scroll of noise {unknown}
 n - a scroll of butterflies {unknown}
 p - a scroll of magic mapping
Potions
 k - 3 potions of flight {unknown}
 l - a potion of might {unknown}
 m - a potion of curing {unknown}
 o - a potion of brilliance {unknown}
 r - a potion of haste {unknown}
 t - a potion of lignification {unknown}


   Skills:
 + Level 2.5 Fighting
 + Level 7.5 Ranged Weapons
 + Level 0.3 Armour
 + Level 2.8 Dodging
 + Level 1.3 Stealth


You had 4 spell levels left.
You didn't know any spells.
Your spell library contained the following spells:

 Spells                   Type           Power      Damage    Failure   Level
 Dazzling Flash           Conj/Hex       0%         N/A       83%         3
 Agony                    Necr           0%         N/A       100%        5
 Alistair's Intoxication  Tmut/Pois      0%         N/A       100%        5
 Borgnjor's Vile Clutch   Necr/Erth      0%         N/A       100%        5
 Silence                  Hex/Air        0%         N/A       100%        5
 Eringya's Noxious Bog    Tmut/Pois      0%         N/A       100%        6


Dungeon Overview and Level Annotations

Branches:
Dungeon (3/15)

Altars:
Sif Muna


Innate Abilities, Weirdness & Mutations

You are small and have problems with some larger weapons.
You are completely attuned to the shadows.


Message History

Press: ? - help, Q - select action, (/) - cycle Shift-Dir - straight line, f/p - gnoll
Aim: a gnoll, wielding a +0 club (heavily wounded, 69% to hit)
You shoot an arrow. The arrow hits the gnoll!
You kill the gnoll!
The gnoll closely misses you.
The gnoll hits you from afar with a +0 spear.
* * * LOW HITPOINT WARNING * * *
You have reached level 5!
You feel stronger.
Fire: a) +0 shortbow
Press: ? - help, Q - select action, (/) - cycle Shift-Dir - straight line, f - gnoll
Aim: a gnoll, wielding a +0 spear (moderately wounded, 69% to hit)
You shoot an arrow. The arrow closely misses the gnoll.
The arrow hits the gnoll.
The gnoll is moderately wounded.
The gnoll hits you from afar with a +0 spear.
* * * LOW HITPOINT WARNING * * *
Fire: a) +0 shortbow
Press: ? - help, Q - select action, (/) - cycle Shift-Dir - straight line, f/p - gnoll
Aim: a gnoll, wielding a +0 spear (moderately wounded, 69% to hit)
You shoot an arrow. The arrow hits the gnoll!
You kill the gnoll!
Fire: a) +0 shortbow
Press: ? - help, Q - select action, (/) - cycle Shift-Dir - straight line, f - gnoll
Aim: a gnoll, wielding a +0 flail (moderately wounded, 69% to hit)
You shoot an arrow. The arrow closely misses the gnoll.
Fire: a) +0 shortbow
Press: ? - help, Q - select action, (/) - cycle Shift-Dir - straight line, f/p - gnoll
Aim: a gnoll, wielding a +0 flail (moderately wounded, 69% to hit)
You shoot an arrow. The arrow hits the gnoll!
The gnoll is almost dead.
The gnoll closely misses you. x2
Fire: a) +0 shortbow
Press: ? - help, Q - select action, (/) - cycle Shift-Dir - straight line, f/p - gnoll
Aim: a gnoll, wielding a +0 flail (almost dead, 69% to hit)
You shoot an arrow.
The arrow hits the gnoll but does no damage.
The gnoll is almost dead.
The gnoll hits you with a +0 flail!
You die...

####..##........#
##.##.........
##..##########.
#.....# .
#..♣'♣♣♣+♣
#.#♣.....♣
#.#♣.###.♣
#.#♣.....♣..
#@g).._..'..
#.#♣)....♣##
#.#♣.###.♣ #.#♣..
.†♣ #..♣+♣♣♣+♣


You could see a gnoll.

Vanquished Creatures
  3 gnolls
  4 adders
  A worm (D:2)
  2 dart slugs
  4 ball pythons
  3 bats
  An endoplasm (D:1)
  A giant cockroach (D:1)
  6 goblins
  3 hobgoblins
  2 jackals (D:3)
  3 kobolds (D:1)
  2 quokkas (D:2)
  4 frilled lizards
  A rat (D:2)
40 creatures vanquished.

Notes
Turn   | Place    | Note
-------+----------+-------------------------------------------
     0 | D:1      | rsvaco the Kobold Hunter began the quest for the Orb.
     0 | D:1      | Reached XP level 1. HP: 12/12 MP: 1/1
   141 | D:1      | Reached XP level 2. HP: 11/17 MP: 2/2
   231 | D:1      | Reached skill level 6 in Ranged Weapons
   432 | D:1      | Reached XP level 3. HP: 21/21 MP: 3/3
  1177 | D:2      | Reached XP level 4. HP: 27/27 MP: 4/4
  1463 | D:3      | Reached skill level 7 in Ranged Weapons
  1665 | D:3      | Found a shimmering blue altar of Sif Muna.
  1693 | D:3      | Reached XP level 5. HP: 5/31 MP: 5/5
  1697 | D:3      | Mangled by a gnoll

Illustrated notes

Levels and vault maps discovered:
D:1:      psy_arrival_radial02, layout_basic
D:2:      layout_rooms
D:3:      layout_rooms, overflow_temple_1_default,
          mainiacjoe_overflow_six_doors_small, ebering_ghost_reflecting_pool,
          minmay_misc_feat_square, hangedman_decor_opposing, uniq_sigmund

Skill      XL: |  1  2  3  4 |
---------------+-------------+-----
Ranged Weapons | 6 7 |  7.5
Fighting       | |  2.5
Armour         | |  0.3
Dodging        | |  2.8
Stealth        | |  1.3

Action                   |  1- 3 |  4- 6 || total
-------------------------+-------+-------++-------
 Fire: Shortbow          |    67 |    41 ||   108
  Use: Scroll            |     3 |       ||     3
Armor: Leather armour    |     4 |     5 ||     9
Dodge: Dodged            |    33 |    25 ||    58

Table legend: (Time is in decaauts)
 A = Elapsed time spent in this place.
 B = Non-inter-level travel time spent in this place.
 C = Inter-level travel time spent in this place.
 D = Time resting spent in this place.
 E = Time spent auto-exploring this place.
 F = Levels seen in this place.
 G = Mean time per level.
                   A        B        C        D        E       F      G
               +--------+--------+--------+--------+--------+-----+--------+
         Total |   1727 |   1689 |     38 |      0 |   1306 |   3 |  575.7 |
       Dungeon |   1727 |   1689 |     38 |      0 |   1306 |   3 |  575.7 |
               +--------+--------+--------+--------+--------+-----+--------+

Top non-repeatable levels by time:
     D:1: 896 daAuts
     D:2: 586 daAuts
     D:3: 244 daAuts
